 Dungeon Crawl Stone Soup version 0.17.0 (webtiles) character file.

80 Eucla the Caller (level 4, 0/33 HPs)
             Began as a Minotaur Summoner on Nov 15, 2015.
             Was an Initiate of Ashenzari.
             Slain by an adder (3 damage)
             ... on level 2 of the Dungeon.
             The game lasted 00:02:26 (2133 turns).

Eucla the Caller (Minotaur Summoner)                Turns: 2133, Time: 00:02:26

Health: 0/33       AC:  2    Str: 12    XL:     4   Next: 18%
Magic:  5/5        EV: 12    Int: 13    God:    Ashenzari [......]
Gold:   85         SH:  0    Dex: 11    Spells: 2 memorised, 2 levels left

rFire  . . .     SeeInvis .       - Unarmed
rCold  . . .     Clarity  .     a - +0 robe
rNeg   . . .     SustAt   .     (no shield)
rPois  .         Gourm    .     (helmet restricted)
rElec  .         Spirit   .     (no cloak)
rCorr  .         Warding  .     (no gloves)
rMut   .         Stasis   .     (no boots)
MR     .....                    j - amulet of faith
Stlth  ++........               (no ring)
                                (no ring)

@: lethally poisoned (0 -> -7), very slightly contaminated, hasted, invisible,
very quick, not resistant to hostile enchantments, unstealthy
A: retaliatory headbutt, horns 2
a: Renounce Religion


You were on level 2 of the Dungeon.
You worshipped Ashenzari.
Ashenzari was noncommittal.
You were not hungry.

You visited 1 branch of the dungeon, and saw 2 of its levels.

You collected 85 gold pieces.

Inventory:

Armour
 a - a +0 robe (worn)
Jewellery
 j - an amulet of faith (around neck)
Scrolls
 e - a scroll of teleportation {unknown}
 h - a scroll of recharging {unknown}
 i - a scroll of noise {unknown}
 m - a scroll of identify {unknown}
Potions
 l - a potion of degeneration {unknown}
Books
 b - a book of Callings

   Spells                             Type                      Level
   a - Summon Small Mammal            Summoning                    1
   b - Call Imp                       Summoning                    2
   c - Call Canine Familiar           Summoning                    3
   d - Summon Guardian Golem          Hexes/Summoning              3
   e - Summon Lightning Spire         Summoning/Air                4
   f - Summon Ice Beast               Ice/Summoning                4
Comestibles
 c - a bread ration
 g - a slice of pizza


   Skills:
 - Level 2.1 Dodging
 - Level 1.5 Stealth
 + Level 3.0 Unarmed Combat
 - Level 1.3 Spellcasting
 + Level 3.6 Summonings


You had 2 spell levels left.
You knew the following spells:

 Your Spells              Type           Power        Failure   Level  Hunger
a - Summon Small Mammal   Summ           ##..         10%         1    ##.....
b - Call Imp              Summ           ##......     12%         2    ###....


Dungeon Overview and Level Annotations

Branches:
Dungeon (2/15)

Altars:
Ashenzari
Okawaru


Innate Abilities, Weirdness & Mutations

You reflexively headbutt those who attack you in melee.
You have a pair of horns on your head.


Message History

Unknown command.
You hit the adder.
The adder is severely wounded.
You feel sick. The adder bites you.
* * * LOW HITPOINT WARNING * * *
You barely miss the adder.
The adder is severely wounded.
* * * LOW HITPOINT WARNING * * *
You feel sick. The adder bites you.
* * * LOW HITPOINT WARNING * * *
Unknown command.
Drink which item? (? for menu, Esc to quit)
It was a potion of invisibility.
You fade into invisibility!
* * * LOW HITPOINT WARNING * * *
You feel sick. The adder closely misses you.
You are very lightly contaminated with residual magic.
Drink which item? (? for menu, Esc to quit)
It was a potion of haste.
You feel yourself speed up. The adder bites you.
You die...

#..#.##.....#####...#...#
..##...........##..###.##
#####..####..#.....# ###
#..# #........## ##.#
#.####....####
######.#####.......
#.._..###..#....
#.#.#...........
#......###@.##....
#..###### #S## #... ....
#b# ..# #.# .# ... ...
... ..[..


You could see an adder and a bat.

Vanquished Creatures
  4 adders (D:2)
  An ooze (D:2)
  2 giant geckos (D:1)
  5 hobgoblins
  2 jackals (D:1)
  4 kobolds
  A quokka (D:2)
  A ball python (D:1)
  7 bats
  4 giant cockroaches
  3 giant newts (D:1)
  5 goblins
  5 rats (D:1)
44 creatures vanquished.

Vanquished Creatures (collateral kills)
  A giant cockroach (D:2)
1 creature vanquished.

Grand Total: 45 creatures vanquished

Notes
Turn   | Place    | Note
--------------------------------------------------------------
     0 | D:1      | Eucla the Minotaur Summoner began the quest for the Orb.
     0 | D:1      | Reached XP level 1. HP: 14/14 MP: 1/1
    20 | D:1      | Reached skill level 3 in Summonings
   640 | D:1      | Reached skill level 1 in Unarmed Combat
   875 | D:1      | Reached XP level 2. HP: 20/20 MP: 3/3
  1464 | D:1      | Reached XP level 3. HP: 23/26 MP: 4/4
  1531 | D:1      | Learned a level 2 spell: Call Imp
  1822 | D:2      | Found an iron altar of Okawaru.
  1836 | D:2      | Reached XP level 4. HP: 26/33 MP: 5/5
  2041 | D:2      | Found a shattered altar of Ashenzari.
  2116 | D:2      | Became a worshipper of Ashenzari the Shackled
  2133 | D:2      | Slain by an adder

Action                   |  1- 3 |  4- 6 || total
-------------------------+-------+-------++-------
Melee: Unarmed           |   113 |    28 ||   141
 Cast: Summon Small Mamm |     1 |       ||     1
       Call Imp          |     1 |       ||     1
  Use: Potion            |     1 |     2 ||     3
 Stab: Sleeping          |     2 |     1 ||     3
  Eat: Chunk             |     3 |     1 ||     4
